 Dungeon Crawl Stone Soup version 0.27.1-34-g3ba077fa99 (webtiles) character file.

Game seed: 16115083503225994708

212 safid the Chopper (level 5, -11/46 HPs)
             Began as a Hill Orc Fighter on Feb 4, 2022.
             Mangled by an ogre (23 damage)
             ... on level 4 of the Dungeon.
             The game lasted 00:07:06 (3927 turns).

safid the Chopper (Hill Orc Fighter)                Turns: 3927, Time: 00:07:06

Health: -11/46     AC:  7    Str: 20    XL:     5   Next: 89%
Magic:  5/5        EV:  7    Int:  8    God:
Gold:   211        SH:  9    Dex: 10    Spells: 4/4 levels left

rFire    . . .     SeeInvis .   a - +0 war axe
rCold    . . .     Faith    .   c - +0 kite shield
rNeg     . . .     Spirit   .   b - +0 scale mail
rPois    .         Reflect  .   (no helmet)
rElec    .         Harm     .   (no cloak)
rCorr    .         Rampage  .   (no gloves)
Will     .....                  (no boots)
Stlth    ..........             (no amulet)
HPRegen  0.15/turn              (no ring)
MPRegen  0.09/turn              (no ring)

@: mighty
A: no striking features
a: no special abilities


You were on level 4 of the Dungeon.
You visited 1 branch of the dungeon, and saw 4 of its levels.

You collected 211 gold pieces.

Inventory:

Hand Weapons
 a - a +0 war axe (weapon)
Missiles
 j - 12 poisoned darts (quivered)
 l - 3 atropa-tipped darts
Armour
 b - a +0 scale mail (worn)
 c - a +0 kite shield (worn)
 i - a +0 cloak
Jewellery
 m - a ring of willpower
Wands
 h - a wand of polymorph (8)
Scrolls
 e - 4 scrolls of identify {unknown}
 f - 2 scrolls of teleportation {unknown}
 g - 2 scrolls of fog {unknown}
 k - 2 scrolls of blinking {unknown}
 o - a scroll of silence {unknown}
 p - a scroll of amnesia {unknown}
Potions
 d - 2 potions of might
 n - a potion of mutation {unknown}


   Skills:
 - Level 4.0 Fighting
 + Level 5.3 Axes
 - Level 4.0 Armour
 + Level 5.1 Shields


You had 4 spell levels left.
You didn't know any spells.
Your spell library contained the following spells:

 Spells                   Type           Power      Damage    Failure   Level
 Dazzling Flash           Conj/Hex       0%         N/A       100%        3
 Cause Fear               Hex            0%         N/A       100%        4
 Agony                    Necr           0%         N/A       100%        5
 Freezing Cloud           Conj/Ice/Air   0%         6-21      100%        5
 Silence                  Hex/Air        0%         N/A       100%        5
 Simulacrum               Ice/Necr       0%         N/A       100%        6
 Dragon Form              Tmut           0%         N/A       100%        7
 Dragon's Call            Summ           0%         N/A       100%        9
 Polar Vortex             Ice            0%         N/A       100%        9


Dungeon Overview and Level Annotations

Branches:
Dungeon (4/15)
 Temple: D:4-7

Altars:

Annotations:
D:3 1 runed translucent door, Crazy Yiuf


Message History

No target in view!
You see here a ball python corpse.
A giant cockroach, a kobold and an ogre come into view.
The ogre shouts!
The kobold shouts!
There is a stone staircase leading up here.
You closely miss the giant cockroach. You barely miss the ogre.
You block the giant cockroach's attack.
The kobold throws a stone.
The stone hits you but does no damage.
The giant cockroach bites you but does no damage.
The ogre hits you with a +0 giant club!
Unknown command.
You hit the giant cockroach.
The giant cockroach is heavily wounded.
You hit the ogre. You block the giant cockroach's attack.
The kobold throws a stone.
The stone hits you but does no damage. You block the ogre's attack.
The giant cockroach bites you but does no damage.
Unknown command.
You barely miss the giant cockroach.
The giant cockroach is heavily wounded.
You barely miss the ogre. The giant cockroach barely misses you.
The ogre hits you with a +0 giant club!!
* * * LOW HITPOINT WARNING * * *
The giant cockroach bites you but does no damage.
Unknown command.
You feel very mighty all of a sudden. The ogre closely misses you.
The giant cockroach bites you but does no damage.
Unknown command.
You slash the giant cockroach!
You kill the giant cockroach!
You slash the ogre! You block the ogre's attack.
Unknown command.
You barely miss the ogre.
The ogre is heavily wounded.
You slash the kobold!
You kill the kobold!
The ogre hits you with a +0 giant club!!
Ouch! That really hurt!
You die...

## ## ##.##### .#
#...#..###.##
#....<......#
#...........###.
###..##...........
##................. #
#......[..@........ ..
##....#...)O.......
...#.....##......#)...
........###......#....
....#..†.#.........#..
........##..#.........
............##........
#.................###.
#.##..##.......##.#


You could see an ogre.

Vanquished Creatures
  4 gnolls
  6 adders
  2 adder zombies (D:3)
  3 worms
  7 orcs (D:3)
  9 ball pythons
  3 endoplasms
  6 giant cockroaches
  9 hobgoblins
  7 jackals
  5 kobolds
  3 quokkas
  8 bats
  2 frilled lizards
  11 goblins
  8 rats
93 creatures vanquished.

Vanquished Creatures (others)
  A fungus (D:3)
1 creature vanquished.

Grand Total: 94 creatures vanquished

Notes
Turn   | Place    | Note
-------+----------+-------------------------------------------
     0 | D:1      | safid the Hill Orc Fighter began the quest for the Orb.
     0 | D:1      | Reached XP level 1. HP: 19/19 MP: 1/1
   265 | D:1      | Reached XP level 2. HP: 24/27 MP: 2/2
  1066 | D:1      | Reached XP level 3. HP: 33/33 MP: 3/3
  1796 | D:2      | Found a faded altar of an unknown god.
  1800 | D:2      | Reached XP level 4. HP: 34/40 MP: 4/4
  2752 | D:3      | Reached XP level 5. HP: 42/46 MP: 5/5
  3207 | D:3      | Reached skill level 5 in Axes
  3539 | D:3      | Reached skill level 5 in Shields
  3639 | D:3      | Found a runed translucent door.
  3640 | D:3      | Noticed Crazy Yiuf
  3912 | D:4      | Noticed an ogre
  3927 | D:4      | Mangled by an ogre

Illustrated notes

Levels and vault maps discovered:
D:1:      shiori_arrival_oz, layout_basic
D:2:      minmay_wonky_spiral, layout_rooms, chequers_ecumenical_altar_island
D:3:      minmay_bubble_buster, layout_basic, grunt_ministairs_1,
          minmay_misc_feat_cross, uniq_crazy_yiuf_cottage
D:4:      layout_cave_pools, minmay_overflow_temple_star_hex, serial_shops,
          shop, nicolae_shop_trees, shop

Skill      XL: |  1  2  3  4  5 |
---------------+----------------+-----
Axes           | 3 4 5 |  5.3
Fighting       | 4 |  4.0
Armour         | 4 |  4.0
Shields        | 4 5 |  5.1

Action                   |  1- 3 |  4- 6 || total
-------------------------+-------+-------++-------
Melee: War axe           |   141 |   128 ||   269
  Use: Potion            |       |     1 ||     1
Armor: Scale mail        |    59 |    57 ||   116
Dodge: Dodged            |    48 |    57 ||   105
Block: Kite shield       |    86 |    83 ||   169
